Map: Deathaura LE

Players

A.I. 1 (Very Easy)

  • Race: Terran Terran
  • Spawn Location: 5:00

conn - Winner!

  • Race: Protoss Protoss
  • League: Gold
  • Spawn Location: 11:00

VOD

Have the link to the VOD?

Description

Time

  • Played on: Jan. 31, 2021, 6:37 p.m.
  • Length: 5:57
Show
View Real Time Build Order
Export as new Build Order

A.I. 1 (Very Easy) Terran 

Build Orders:  

Get SALT Encoding   

  12  0:00  SCV  
  13  0:13  SCV  
  14  0:18  Supply Depot  
  14  0:37  Refinery  
  14  0:42  Barracks  
  14  1:03  Supply Depot  
  14  1:11  Refinery  
  14  1:28  Barracks Tech Lab  
  14  1:29  Orbital Command  
  14  1:46  Marine  
  16  1:54  SCV  
  16  2:06  SCV  
  17  2:18  SCV  
  18  2:28  Marine  
  19  2:30  SCV  
  20  2:42  SCV  
  21  2:54  SCV  
  22  3:10  Marauder  
  24  4:48  Marine  
  24  4:51  Supply Depot  
  23  4:54  SCV  
  18  5:06  SCV  
  9  5:18  SCV  
  4  5:30  SCV  
Show
View Real Time Build Order
Export as new Build Order

conn Protoss - Winner!

Build Orders: Blink Stalkers 

Get SALT Encoding   

  12  0:00  Probe  
  13  0:12  Probe  
  14  0:16  Pylon  
  14  0:24  Probe  
  15  0:36  Probe  
  15  0:38  Gateway  
  16  0:44  Assimilator  
  16  0:49  Probe (Chrono Boost)  
  17  1:00  Probe (Chrono Boost)  
  18  1:05  Assimilator, Probe (Chrono Boost)  
  19  1:16  Gateway  
  19  1:17  Probe  
  20  1:25  Cybernetics Core  
  20  1:29  Probe  
  21  1:40  Pylon  
  21  1:41  Probe  
  22  1:53  Probe  
  23  2:03  Stalker x2  
  27  2:16  Twilight Council  
  27  2:23  Warp Gate  
  27  2:27  Pylon  
  27  2:47  Blink (Chrono Boost)  
  27  3:00  Gateway  
  27  3:01  Gateway  
  27  3:10  Robotics Facility  
  27  3:12  Pylon  
  27  3:27  Stalker x2  
  31  3:53  Warp Prism (Chrono Boost)  
  33  4:13  Stalker x4  
  41  4:34  Dark Shrine  
  41  4:45  Pylon  
  41  4:55  Stalker  
  41  4:56  Stalker  
  45  5:00  Stalker  
  47  5:10  Stalker  
  49  5:19  Stalker  
  51  5:32  Pylon  
  51  5:46  Dark Templar  
  53  5:54  Nexus  
Tags
 
Composition
Blink Stalkers
League
Gold
Matchup
PvT
Spawn Locations
Cross Positions
Add a new tag
Caveats
  • Supply blocks, unpowered buildings, or Contaminate may cause inaccurate times.
  • Supply counts are checked every 10 seconds.